 Dungeon Crawl Stone Soup version 0.20.1-1-g8b1a95d (webtiles) character file.

7 Duckington the Sneak (level 2, 0/22 HPs)
             Began as a Naga Wizard on Sept 27, 2017.
             Slain by a leopard gecko (1 damage)
             ... on level 1 of the Dungeon.
             The game lasted 00:03:15 (805 turns).

Duckington the Sneak (Naga Wizard)                   Turns: 805, Time: 00:03:16

Health: 0/22       AC:  1    Str:  9    XL:     2   Next: 4%
Magic:  6/6        EV: 10    Int: 18    God:
Gold:   24         SH:  0    Dex:  9    Spells: 2/7 levels left

rFire    . . .     SeeInvis +   g - +0 whip
rCold    . . .     Gourm    .   (no shield)
rNeg     . . .     Faith    .   a - +0 robe
rPois    +         Spirit   .   b - +0 hat
rElec    .         Reflect  .   (no cloak)
rCorr    .         Harm     .   (no gloves)
MR       .....                  (no barding)
Stlth    ++........             (no amulet)
Regen    0.1/turn               (no ring)
MPRegen  0.1/turn               (no ring)

@: very slow
A: see invisible, deformed body, poison resistance, slowness 2, slow metabolism
1, spit poison 1, AC +0
a: Spit Poison


You were on level 1 of the Dungeon.
You were not hungry.

You visited 1 branch of the dungeon, and saw 1 of its levels.

You collected 24 gold pieces.

Inventory:

Hand Weapons
 g - a +0 whip (weapon)
Armour
 a - a +0 robe (worn)
 b - a +0 hat (worn)
 f - a +0 pair of boots
Scrolls
 e - a scroll of blinking {unknown}
 i - a scroll of identify
Potions
 k - a potion of resistance {unknown}
Books
 c - a book of Minor Magic

   Spells                             Type                      Level
   a - Magic Dart                     Conjuration                  1
   b - Blink                          Translocation                2
   c - Call Imp                       Summoning                    2
   d - Slow                           Hexes                        2
   e - Conjure Flame                  Conjuration/Fire             3
   f - Mephitic Cloud                 Conjuration/Poison/Air       3
Comestibles
 d - a bread ration
 h - a chunk of flesh


   Skills:
 * Level 0.2 Fighting
 + Level 1.7 Dodging
 + Level 3.2 Stealth
 + Level 3.2 Spellcasting
 + Level 1.0 Conjurations
   Level 1.0 Summonings
 + Level 1.0 Translocations


You had 2 spell levels left.
You knew the following spells:

 Your Spells              Type           Power        Failure   Level  Hunger
a - Magic Dart            Conj           #...         11%         1    None
b - Slow                  Hex            #.......     24%         2    ##.....
c - Blink                 Tloc           N/A          16%         2    ##.....


Dungeon Overview and Level Annotations

Branches:
Dungeon (1/15)

Altars:


Innate Abilities, Weirdness & Mutations

You cannot wear boots.
Your serpentine skin is tough. (AC +0)
You have supernaturally acute eyesight. (SInv)
Armour fits poorly on your strangely shaped body.
Your system is resistant to poisons. (rPois)
You cover ground very slowly.
You have a slow metabolism.
You can spit poison.


Message History

You barely miss the leopard gecko. The bat hits you.
The leopard gecko bites you.
You closely miss the leopard gecko. The bat hits you.
The leopard gecko completely misses you.
The leopard gecko closely misses you.
You barely miss the bat. The bat barely misses you. The bat closely misses you.
The bat hits you. The leopard gecko bites you.
You barely miss the bat. The bat barely misses you.
The leopard gecko barely misses you.
You hit the leopard gecko but do no damage.
The bat hits you.
* * * LOW HITPOINT WARNING * * *
The leopard gecko misses you. x2
You closely miss the leopard gecko. The bat hits you but does no damage.
The leopard gecko bites you.
* * * LOW HITPOINT WARNING * * *
As you read the scroll of fog, it crumbles to dust.
The scroll dissolves into smoke.
The bat closely misses you. The leopard gecko bites you.
You die...

#### ...# ...# ...#
##########
'#############.§§.....#
.............'.§l§....+
.#############.b@§..?.#
'###### #.§§§....#
......# #....§...#
......# #........#
......########........#
................###.....
.####.....#####.###.####
....'.............[..
.#.##.....##.##.###


You could see a leopard gecko and a bat.

Vanquished Creatures
  A leopard gecko (D:1)
  A goblin (D:1)
  A hobgoblin (D:1)
  A bat (D:1)
  3 rats (D:1)
7 creatures vanquished.

Notes
Turn   | Place    | Note
-------+----------+-------------------------------------------
     0 | D:1      | Duckington the Naga Wizard began the quest for the Orb.
     0 | D:1      | Reached XP level 1. HP: 15/15 MP: 4/4
   707 | D:1      | Reached XP level 2. HP: 21/22 MP: 4/6
   711 | D:1      | Learned a level 2 spell: Slow
   714 | D:1      | Learned a level 2 spell: Blink
   804 | D:1      | HP: 1/22 [leopard gecko (5)]
   805 | D:1      | Slain by a leopard gecko

Action                   || total
-------------------------++-------
Melee: Unarmed           ||    16
       Whip              ||    19
 Cast: Magic Dart        ||     2
  Use: Scroll            ||     3
 Stab: Sleeping          ||     1
Armor: Robe              ||     4
Dodge: Dodged            ||    24
